 Dungeon Sprint DCSS version 0.23-a0-183-gf37f6fb (webtiles) character file.

479 digijack the Fighter (level 6, -13/64 HPs)
             Began as a Minotaur Fighter on Sept 23, 2018.
             Was a Believer of Jiyva.
             Mangled by a deep troll (22 damage)
             ... in the Dungeon (Sprint I: "Red Sonja").
             The game lasted 00:02:30 (343 turns).

digijack the Fighter (Minotaur Fighter)              Turns: 343, Time: 00:02:31

Health: -13/64     AC:  8    Str: 22    XL:     6   Next: 86%
Magic:  3/5        EV:  8    Int:  5    God:    Jiyva [**....]
Gold:   175        SH: 11    Dex: 10    Spells: 5/5 levels left

rFire    . . .     SeeInvis .   a - +0 flail
rCold    . . .     Gourm    .   c - +0 shield
rNeg     . . .     Faith    .   b - +0 scale mail
rPois    .         Spirit   .   (helmet restricted)
rElec    .         Reflect  .   (no cloak)
rCorr    .         Harm     .   (no gloves)
MR       .....     NoTele   +   (no boots)
Stlth    ..........             (no amulet)
HPRegen  0.20/turn              (no ring)
MPRegen  0.09/turn              (no ring)

@: no status effects
A: retaliatory headbutt, horns 2
a: Request Jelly, Renounce Religion


You were in the Dungeon.
You worshipped Jiyva.
Jiyva was pleased with you.
You were not hungry.

You visited 1 branch You collected 175 gold pieces.

Inventory:

Hand Weapons
 a - a +0 flail (weapon)
Armour
 b - a +0 scale mail (worn)
 c - a +0 shield (worn)
Scrolls
 k - a scroll of blinking
Potions
 e - a potion of curing
 g - a potion of heal wounds
 h - a potion of haste
 i - 2 potions of magic
 j - a potion of berserk rage
Comestibles
 f - a ration


   Skills:
 + Level 9.5 Fighting
 + Level 9.2 Maces & Flails
 + Level 9.5 Armour
 + Level 9.5 Shields


You had 5 spell levels left.
You didn't know any spells.
Your spell library was empty.

Dungeon Overview and Level Annotations

Branches:
Dungeon (1/1)

Altars:
Makhleb
Sif Muna
Vehumet
Wu Jian
Xom
Jiyva
Lugonu


Innate Abilities, Weirdness & Mutations

You reflexively headbutt those who attack you in melee.
You have a pair of horns on your head.


Message History

The deep troll bites you. The deep troll claws you!
You block the deep troll's attack.
You hear a distant slurping noise.
You hear a slurping noise.
The jelly eats the door!
You see here 27 gold pieces.
The deep troll bites you.
* * * LOW HITPOINT WARNING * * *
The deep troll claws you!
* * * LOW HITPOINT WARNING * * *
You block the deep troll's attack.
You hear a distant slurping noise.
You feel a little less hungry.
You see here 27 gold pieces.
Your shield prevents you from hitting the deep troll.
Something hits the deep troll.
The deep troll is splashed with acid.
You hear a distant slurping noise.
Jiyva appreciates your sacrifice. The deep troll bites you!!
You die...

###################
#<.#..)..#.)'..#__#
#..').#..'..#..'..+
#..#####'#####'#__#
# #..#
#..#$$$#.####§§
#..#
####@$##.#§§§§c#
#..# ##T#_.§§§§.§§
#⌠⌠# J..._#§≈≈§.#
#### ##_.#+##T####
##+# .!! '### c. ##


You could see a deep troll.

Vanquished Creatures
  A slime creature (D)
  Sigmund (D)
  An ogre (D)
  A jelly (D)
  Ijyb (D)
5 creatures vanquished.

Vanquished Creatures (others)
  A floating eye (D)
  2 jellies (D)
3 creatures vanquished.

Grand Total: 8 creatures vanquished

Notes
Turn   | Place    | Note
-------+----------+-------------------------------------------
     0 | D        | digijack the Minotaur Fighter began the quest for the Orb.
     0 | D        | Reached XP level 1. HP: 19/19 MP: 0/0
     1 | D        | Noticed Ijyb
    18 | D        | Killed Ijyb
    18 | D        | Reached skill level 5 in Fighting
    18 | D        | Reached skill level 5 in Armour
    18 | D        | Reached skill level 5 in Shields
    18 | D        | Reached XP level 2. HP: 18/29 MP: 1/1
   131 | D        | Noticed an ogre
   134 | D        | Killed an ogre
   134 | D        | Reached skill level 5 in Maces & Flails
   134 | D        | Reached XP level 3. HP: 33/38 MP: 2/2
   134 | D        | Reached XP level 4. HP: 39/45 MP: 3/3
   146 | D        | Noticed Sigmund
   151 | D        | Killed Sigmund
   151 | D        | Reached XP level 5. HP: 47/53 MP: 4/4
   157 | D        | Found a deep blue altar of Sif Muna.
   158 | D        | Found an ornate altar of the Wu Jian Council.
   159 | D        | Found a radiant altar of Vehumet.
   161 | D        | Reached XP level 6. HP: 57/62 MP: 5/5
   175 | D        | Found a burning altar of Makhleb.
   175 | D        | Found a shimmering altar of Xom.
   175 | D        | Noticed a slime creature
   176 | D        | Found a viscous altar of Jiyva.
   176 | D        | Found a corrupted altar of Lugonu.
   185 | D        | Killed a slime creature
   187 | D        | Became a worshipper of Jiyva Jioqiwki the Shapeless
   325 | D        | Reached * piety under Jiyva
   333 | D        | Noticed a centaur warrior
   333 | D        | Noticed a deep troll
   333 | D        | Noticed a centaur warrior
   342 | D        | Reached ** piety under Jiyva
   343 | D        | Killed a floating eye
   343 | D        | Mangled by a deep troll

Vault maps used:
D:        dungeon_sprint_1

Skill      XL: |  1  2  3  4  5  6 |
---------------+-------------------+-----
Fighting       | 5 6 8 9 |  9.5
Maces & Flails | 4 5 7 8 9 |  9.2
Armour         | 5 6 8 9 |  9.5
Shields        | 5 6 8 9 |  9.5

Action                   |  1- 3 |  4- 6 || total
-------------------------+-------+-------++-------
Melee: Flail             |    18 |    14 ||    32
       Headbutt          |     2 |     3 ||     5
Invok: Request Jelly     |       |     1 ||     1
  Use: Potion            |     1 |       ||     1
Armor: Scale mail        |     4 |     1 ||     5
Dodge: Dodged            |     5 |     2 ||     7
Block: Shield            |     5 |     4 ||     9

Table legend:
 A = Non-vault XP
 B = Vault XP
 C = Vault XP percentage of total XP
 D = Non-vault monster count
 E = Vault monster count
 F = Vault count percentage of total count
                 A         B        C        D         E       F
            +---------+---------+-------+---------+---------+-------
      Total |       0 |     685 | 100.0 |       0 |       5 | 100.0
            +---------+---------+-------+---------+---------+-------
          D |       0 |     685 | 100.0 |       0 |       5 | 100.0
            +---------+---------+-------+---------+---------+-------
